 Dungeon Crawl Stone Soup version 0.32-a0-999-gfa1cc04b1d (webtiles) character file.

Game seed: 11548377892110382965

97 Cancer the Sneak (level 4, 0/31 HPs)
             Began as an Octopode Delver on Apr 24, 2024.
             Succumbed to a kobold brigand's curare-tipped dart
             ... in a sewer.
             The game lasted 00:03:35 (680 turns).

Cancer the Sneak (Octopode Delver)                   Turns: 680, Time: 00:03:35

Health: 0/31       AC:  5    Str: 13    XL:     4   Next: 68%
Magic:  4/4        EV: 12    Int: 12    God:
Gold:   35         SH:  0    Dex: 19    Spells: 3/3 levels left

rFire   + .          .
                       - Unarmed
rCold   + . .        (no shield)
rNeg    . . .        (helmet restricted)
rPois   +            (no amulet)
rElec   +            f - +4 ring of protection
rCorr   +            h - +6 ring of dexterity
SInv    .            (no ring)
Will    .....        (no ring)
Stlth   ++++++       (no ring)
HPRegen 0.25/turn    (no ring)
MPRegen 0.09/turn    (no ring)
                     (no ring)

%: no passive effects
@: lethally poisoned (0 -> -3), resistant, slowed, very slow
A: almost no armour, amphibious, 8 rings, camouflage 1, gelatinous body 1,
nimble swimmer 1, tentacles
a: no special abilities


You were in a sewer.
You visited 1 branch of the dungeon, and saw 3 of its levels.
You also visited: Sewer.

You collected 35 gold pieces.

Inventory:

Jewellery
 f - a +4 ring of protection (left tentacle)
 h - a +6 ring of dexterity (right tentacle)
Wands
 e - a wand of digging (3)
Scrolls
 a - a scroll of fog
 b - a scroll of revelation
 c - a scroll of fear
 g - 2 scrolls of identify {unknown}
Potions
 d - a potion of haste


   Skills:
 - Level 3.0 Fighting
 - Level 2.0 Dodging
 - Level 6.6 Stealth
 + Level 4.7 Unarmed Combat


You had 3 spell levels left.
You didn't know any spells.
Your spell library contained the following spells:

 Spells                   Type           Power      Damage    Failure   Level
 Necrotise                Necr           0%         1d4       32%         1
 Fugue of the Fallen      Necr           0%         N/A       69%         3
 Ozocubu's Armour         Ice            0%         N/A       69%         3
 Vampiric Draining        Necr           0%         2d6       69%         3
 Martyr's Knell           Necr/Summ      0%         N/A       97%         4
 Curse of Agony           Necr           0%         N/A       100%        5
 Manifold Assault         Tloc           0%         N/A       100%        7


Dungeon Overview and Level Annotations

Branches:
Dungeon (5/15)              Sewer (1/1)
 Temple: D:4-7

Altars:

Annotations:
D:3 Grinder
D:4 Dowan, Sigmund


Innate Abilities, Weirdness & Mutations

You cannot wear most types of armour.
You are amphibious.
You can wear up to eight rings at the same time.
Your skin changes colour to match your surroundings (Stealth+).
Your rubbery body absorbs attacks. (AC +1, EV +1)
You are camouflaged when in or above water. (Stealth+)
You have tentacles for arms and can constrict up to eight enemies at once.


Message History

No target in view!
No target in view!
No target in view!
No target in view!
No target in view!
No target in view!
No target in view!
No target in view!
No target in view!
A kobold brigand comes into view.
It is wielding a +0 dagger and quivering curare-tipped darts.
The kobold brigand shouts!
The kobold brigand throws a curare-tipped dart.
The curare-tipped dart hits you.
You are poisoned.
You have difficulty breathing.
You feel yourself slow down.
You feel very sick.
The kobold brigand throws a curare-tipped dart.
The curare-tipped dart hits you.
You are more poisoned.
You have difficulty breathing.
You feel as though you will be slow longer.
You enter the shallow water.
* * * LOW HITPOINT WARNING * * *
You feel very sick.
* * * LOW HITPOINT WARNING * * *
You feel very sick.
* * * LOW HITPOINT WARNING * * *
You feel very sick.
It was a potion of resistance.
You feel protected.
* * * LOW HITPOINT WARNING * * *
You feel sick.
The kobold brigand throws a curare-tipped dart.
The curare-tipped dart barely misses you.
* * * LOW HITPOINT WARNING * * *
You feel sick.
The kobold brigand throws a curare-tipped dart.
The curare-tipped dart misses you.
You see here a rat corpse.
You die...

~# ##### ##~##
##...## ##...##
#~.~~.####.∩~~~###
#....†~~~~..∩.~≈≈≈≈
#~~~..####.....####
##~..## ##.~.##
##)## ##≈## #@# ≈#
#†# ≈≈ #~# ≈##
##~## ##..~##
#~....####.
#.)...~~~~~~
#..K.~####..
##.~.##


You could see a kobold brigand.

Vanquished Creatures
  A hound (D:4)
  5 adders
  An orc (D:5)
  2 ball pythons (D:3)
  A bat (D:3)
  A giant cockroach (D:4)
  A hobgoblin (D:3)
  7 quokkas (D:3)
  2 kobolds (Sewer)
  3 rats (Sewer)
24 creatures vanquished.

Notes
Turn   | Place    | Note
-------+----------+-------------------------------------------
     0 | D:5      | Cancer the Octopode Delver began the quest for the Orb.
     0 | D:5      | Reached XP level 1. HP: 16/16 MP: 1/1
    21 | D:5      | Noticed a hound
    31 | D:5      | Noticed a hound
    48 | D:5      | Reached XP level 2. HP: 11/21 MP: 2/2
   159 | D:4      | Noticed Sigmund
   178 | D:4      | Reached XP level 3. HP: 26/26 MP: 3/3
   219 | D:4      | Noticed Dowan
   441 | D:3      | Noticed Grinder
   460 | D:3      | Reached XP level 4. HP: 21/31 MP: 4/4
   638 | D:3      | Found a glowing drain.
   644 | Sewer    | Entered a sewer
   673 | Sewer    | Noticed a kobold brigand
   679 | Sewer    | HP: 1/31 [poisoned by a kobold brigand (curare-tipped
                  | dart)]
   680 | Sewer    | Succumbed to a kobold brigand's curare-tipped dart

Illustrated notes

Levels and vault maps discovered:
D:3:      layout_loops_ring, gup_sewer_entry_pipe, kennysheep_generic_room_5,
          uniq_grinder
D:4:      layout_basic, uniq_duvessa, uniq_sigmund, uniq_ijyb
D:5:      layout_cave_pools
Sewer:    sewer_co_15_rooms

Skill      XL: |  1  2 |
---------------+-------+-----
Unarmed Combat | 4 |  4.7
Fighting       | |  3.0
Dodging        | |  2.0
Stealth        | |  6.6

Action                     |  1- 3 |  4- 6 || total
---------------------------+-------+-------++-------
  Melee: Unarmed           |    23 |    25 ||    48
         Constrict         |     8 |     7 ||    15
         Tentacles         |     4 |     3 ||     7
         Punch             |     1 |     1 ||     2
    Use: Potion            |       |     1 ||     1
   Stab: Sleeping          |     3 |     2 ||     5
         Distracted        |     1 |       ||     1
 Armour: Skin              |    11 |     7 ||    18
  Dodge: Dodged            |    10 |    24 ||    34

Table legend: (Time is in decaauts)
 A = Elapsed time spent in this place.
 B = Non-inter-level travel time spent in this place.
 C = Inter-level travel time spent in this place.
 D = Time resting spent in this place.
 E = Time spent auto-exploring this place.
 F = Levels seen in this place.
 G = Mean time per level.
                   A        B        C        D        E       F      G
               +--------+--------+--------+--------+--------+-----+--------+
         Total |    678 |    672 |      6 |     58 |     61 |   4 |  169.5 |
       Dungeon |    640 |    634 |      6 |     58 |     61 |   3 |  213.3 |
         Sewer |     37 |     37 |      0 |      0 |      0 |   1 |   37.0 |
               +--------+--------+--------+--------+--------+-----+--------+

Top non-repeatable levels by time:
     D:3: 399 daAuts
     D:5: 154 daAuts
     D:4: 86 daAuts
   Sewer: 37 daAuts
